 Dungeon Crawl Stone Soup version 0.25.0-65-g31bcc41 (webtiles) character file.

199 Dorkslayer the Covered (level 5, -4/34 HPs)
             Began as a Gargoyle Fighter on Nov 14, 2020.
             Splashed by a jelly's acid (9 damage)
             ... on level 1 of the Dungeon.
             The game lasted 00:00:54 (284 turns).

Dorkslayer the Covered (Gargoyle Fighter)            Turns: 284, Time: 00:00:55

Health: -4/34      AC:  5    Str: 20    XL:     5   Next: 77%
Magic:  5/5        EV:  5    Int:  9    God:
Gold:   17         SH:  9    Dex:  9    Spells: 4/4 levels left

rFire    . . .     SeeInvis .   b - -3 hand axe (curse)
rCold    . . .     Gourm    .   c - +0 shield
rNeg     + . .     Faith    .   i - +0 chain mail
rPois    ∞         Spirit   .   (no helmet)
rElec    +         Reflect  .   (no cloak)
rCorr    .         Harm     .   (no gloves)
MR       .....                  (no boots)
Stlth    ..........             (no amulet)
HPRegen  0.11/turn              (no ring)
MPRegen  0.09/turn              (no ring)

@: corroded
A: negative energy resistance 1, electricity resistance, unbreathing,
petrification resistance, rot immunity, AC +4
a: no special abilities


You were on level 1 of the Dungeon.
You were not hungry.

You visited 1 branch of the dungeon, and saw 1 of its levels.

You collected 17 gold pieces.

Inventory:

Hand Weapons
 a - a +0 long sword
 b - a cursed -3 hand axe (weapon)
Armour
 c - a +0 shield (worn)
 i - a +0 chain mail (worn)
Potions
 d - a potion of might
 e - a potion of heal wounds {unknown}
 h - a potion of mutation {unknown}
Comestibles
 f - 4 rations
 g - 5 chunks of flesh


   Skills:
 + Level 4.3 Fighting
 + Level 2.3 Long Blades
 + Level 4.8 Armour
 + Level 0.2 Dodging
 + Level 4.6 Shields


You had 4 spell levels left.
You didn't know any spells.
Your spell library was empty.

Dungeon Overview and Level Annotations

Branches:
Dungeon (1/3)
 Temple: D:1

Altars:
Hepliaklqana


Innate Abilities, Weirdness & Mutations

You are resistant to torment.
Your stone body is resilient. (AC +4)
You are immune to poison.
You resist negative energy. (rN+)
You are resistant to electric shocks. (rElec)
You can survive without breathing.
You are immune to petrification.
You are immune to rotting.


Message History

You hit the jelly.
Your hands burn!
The jelly is moderately wounded.
The jelly hits you but does no damage. x2
Your shield and chain mail prevent you from hitting the jelly.
The jelly is moderately wounded.
The jelly hits you but does no damage.
You hit the jelly. The acid corrodes you!
Your hands burn!
The jelly is moderately wounded.
The jelly hits you but does no damage.
You hit the jelly.
Your hands burn!
The jelly is heavily wounded.
You block the jelly's attack. The jelly hits you.
You are splashed with acid!
The acid burns!
You hit the jelly but do no damage.
Your hands burn!
* * * LOW HITPOINT WARNING * * *
The jelly is heavily wounded.
The jelly hits you.
* * * LOW HITPOINT WARNING * * *
The acid corrodes you!
You are splashed with acid!
The acid burns!
You die...

##########
#.@Jl.....
#.##.#####
#..##.. ##..##...
##..##...
####..##(.
######.....)# #
#.....)####......
#.###### #..#####


You could see a jelly and a leopard gecko.

Vanquished Creatures
  A hound (D:1)
  A worm (D:1)
  A leopard gecko (D:1)
  An orc (D:1)
4 creatures vanquished.

Notes
Turn   | Place    | Note
-------+----------+-------------------------------------------
     0 | D:1      | Dorkslayer the Gargoyle Fighter began the quest for the
                  | Orb.
     0 | D:1      | Reached XP level 1. HP: 14/14 MP: 1/1
   143 | D:1      | Found a hazy altar of Hepliaklqana.
   182 | D:1      | Noticed a hound
   196 | D:1      | Killed a hound
   196 | D:1      | Reached XP level 2. HP: 15/20 MP: 2/2
   196 | D:1      | Reached XP level 3. HP: 18/24 MP: 3/3
   196 | D:1      | Reached XP level 4. HP: 22/29 MP: 4/4
   196 | D:1      | Reached XP level 5. HP: 25/33 MP: 5/5
   284 | D:1      | Splashed by a jelly's acid

Skill      XL: |  1 |
---------------+----+-----
Fighting       | 4 |  4.3
Long Blades    | 2 |  2.3
Armour         | 4 |  4.8
Shields        | 4 |  4.6
Dodging        | |  0.2

Action                   |  1- 3 |  4- 6 || total
-------------------------+-------+-------++-------
Melee: Long sword        |    12 |    11 ||    23
       Hand axe          |       |    17 ||    17
  Use: Scroll            |       |     1 ||     1
Armor: Chain mail        |     8 |    15 ||    23
Dodge: Dodged            |     3 |     4 ||     7
Block: Shield            |    10 |     7 ||    17
       Rpst.: Long sword |     2 |       ||     2
